 Dungeon Crawl Stone Soup version 0.20-a0-959-gdc9e609 (webtiles) character file.

89811 Leszczynek the Severer (level 15, -7/141 HPs)
             Began as a Tengu Wanderer on Apr 6, 2017.
             Was the Champion of Cheibriados.
             Mangled by a vampire knight
             ... wielding a +0 bardiche
              (28 damage)
             ... on level 14 of the Dungeon.
             The game lasted 02:10:42 (25204 turns).

Leszczynek the Severer (Tengu Wanderer)            Turns: 25204, Time: 02:10:43

Health: -7/141     AC: 27    Str: 34    XL:     15   Next: 98%
Magic:  23/23      EV:  2    Int: 31    God:    Cheibriados [******]
Gold:   652        SH:  7    Dex: 30    Spells: 5/24 levels left

rFire    + . .     SeeInvis .   a - +1 war axe (elec)
rCold    . . .     Gourm    .   g - +0 buckler
rNeg     + + +     Faith    .   (armour currently unavailable)
rPois    +         Spirit   .   (helmet currently unavailable)
rElec    .         Reflect  .   (cloak currently unavailable)
rCorr    .         Harm     .   (gloves currently unavailable)
MR       ++...     NoTele   +   (boots unavailable)
Stlth    +.........             (no amulet)
Regen    0.4/turn               O - ring of protection from fire
MPRegen  0.2/turn               J - ring of protection from magic

@: mighty, tree-form, silence (expiring), very slow
A: (beak), (talons 0), able to fly 2
a: Fly, Renounce Religion


You were on level 14 of the Dungeon.
You worshipped Cheibriados.
Cheibriados was exalted by your worship.
You were not hungry.
You were a tree.
You visited 3 branches of the dungeon, and saw 23 of its levels.

You collected 2923 gold pieces.
You spent 2271 gold pieces at shops.

Inventory:

Hand Weapons
 a - a +1 war axe of electrocution (weapon)
 f - a +4 vampiric broad axe
 x - the +8 whip "Snakebite" {curare, rPois}
   (You found it on level 3 of the Lair of Beasts)

   It poisons the flesh of those it strikes.
   It protects you from poison.
 L - a +0 morningstar of protection
Missiles
 Y - a throwing net (quivered)
Armour
 e - a +2 scale mail of cold resistance (melded)
 g - a +0 buckler (worn)
 N - a +1 cloak (melded)
 W - a +2 pair of gloves (melded)
Jewellery
 q - an uncursed ring of resist corrosion
 u - a +4 ring of protection
 y - an uncursed ring of positive energy
 J - a ring of protection from magic (right branch)
 O - a ring of protection from fire (left branch)
Wands
 i - a wand of acid (9/15)
 s - a wand of confusion (28/48)
 t - a wand of lightning (9/15)
 z - a wand of iceblast (6/15)
 C - a wand of paralysis (10/24)
 Q - a wand of polymorph (11/24)
 S - a wand of acid (6/15)
 V - a wand of iceblast (6/15)
 Z - a wand of digging (5/24)
Scrolls
 b - 2 scrolls of enchant armour
 m - a scroll of summoning
 p - 3 scrolls of magic mapping
 r - 5 scrolls of teleportation
 F - 3 scrolls of silence {!r}
 I - 6 scrolls of remove curse {@r2}
 P - 4 scrolls of fear
 R - 3 scrolls of blinking
 T - 3 scrolls of fog
 X - 2 scrolls of recharging
Potions
 c - a potion of ambrosia
 j - 3 potions of invisibility
 k - 2 potions of lignification {!q}
 l - 4 potions of heal wounds {@q2}
 o - a potion of cancellation
 v - a potion of brilliance
 w - 10 potions of curing {@q1}
 E - 2 potions of magic
 G - 3 potions of mutation {!q}
 M - 4 potions of resistance
 U - 2 potions of agility
Miscellaneous
 A - a phantom mirror
 D - a box of beasts
Comestibles
 d - 17 bread rations
 h - 13 meat rations
 n - 8 fruits
 B - 6 royal jellies
 K - 7 chunks of flesh


   Skills:
 - Level 11.0 Fighting
 - Level 15.6(16.0) Axes
 - Level 6.4(12.1) Maces & Flails
   Level 5.2 Bows
   Level 1.1 Crossbows
 - Level 1.0 Throwing
 - Level 6.0 Armour
 - Level 10.5 Dodging
 - Level 4.7 Shields
 - Level 5.1 Spellcasting
 - Level 3.3 Charms
 - Level 8.0 Summonings
 - Level 4.1 Necromancy
 - Level 1.1 Translocations
 - Level 4.1 Ice Magic
 - Level 8.1 Air Magic
 - Level 7.8 Invocations
 * Level 5.5 Evocations


You had 5 spell levels left.
You knew the following spells:

 Your Spells              Type           Power        Failure   Level  Hunger
a - Animate Skeleton      Necr           N/A          1%          1    None
b - Summon Ice Beast      Ice/Summ       #####...     6%          4    ###....
c - Airstrike             Air            ######....   1%          4    ###....
d - Song of Slaying       Chrm           ####....     1%          2    None
f - Summon Lightning Spi  Summ/Air       ######..     1%          4    ###....
q - Regeneration          Chrm/Necr      ####......   3%          3    None
A - Apportation           Tloc           ##....       4%          1    None


Dungeon Overview and Level Annotations

Branches:
Dungeon (15/15)            Temple (0/1) D:6            Lair (6/6) D:8
  Swamp (0/4) Lair:4       Spider (0/4) Lair:3        Slime (0/5) Lair:6
    Orc (2/2) D:12            Elf (0/3) Orc:2        Vaults (0/5) D:14
 Depths (0/5) D:15

Altars:
Cheibriados
Dithmenos
Gozag
Hepliaklqana
Makhleb
Nemelex Xobeh
Okawaru
Uskayaw
Zin
The Shining One
Beogh
Jiyva

Shops:
D:4 :   D:9 %   D:12 ?   Orc:1 :   Orc:2 }?*(=

Annotations:
D:4 Wendigo's ghost, amateur KoHu
D:14 VAULT CHECK IT LATER
Lair:6 1 runed door


Innate Abilities, Weirdness & Mutations

((You have a beak for a mouth.))
((You have claws for feet.))
You can fly continuously.


Message History

Something hits you!
* * * LOW HITPOINT WARNING * * *
Something bites you but does no damage.
Unknown command.
You feel much better. Something hits you but does no damage.
Something completely misses you.
You feel very mighty all of a sudden. Something hits you.
* * * LOW HITPOINT WARNING * * *
Something bites you!
* * * LOW HITPOINT WARNING * * *
Unknown command.
Wield which item (- for none, * to show all)? (? for menu, Esc to quit)
Okay, then.
You hit something. Something hits you but does no damage. Something bites you.
* * * LOW HITPOINT WARNING * * *
Unknown command.
Okay, then.
You hit something but do no damage. Something hits you!!
You die...

#.###### #....((.# #
#......# #.....(.#
###########......#
##..'#...(.##
#....#......#
##....#.[....#####
#####.[.##...........
##...{##########.####.
#...Z♣## #.# #Z
#.?...# ######.# #.
#.[!..# #......####.
###.[.## #####.......
cC###### ##.#####
..ZCD# ######.#


[HJDC #......# [(.c9 ######## c(?. You could see a storm dragon, 2 fire giants,
a yaktaur captain, an eight-headed hydra, a slime creature, a centaur warrior, a
cyclops, a centaur warrior skeleton and a friendly five-headed hydra skeleton.

Vanquished Creatures
  Nessos (D:13)
  A slime creature (D:15)
  Josephine (D:13)
  A yaktaur captain (D:14)
  Erolcha (D:14)
  6 hydras
  A catoblepas (Lair:6)
  3 centaur warriors (D:14)
  A dancing weapon (D:14)
  5 two-headed ogres
  A tengu warrior (D:15)
  Sonja (D:13)
  Urug (Lair:3)
  4 orc high priests (Orc:2)
  The ghost of herpmino the Carver, a novice GrGl of Ru (D:9)
  A skeletal warrior (D:15)
  2 unseen horrors
  A wizard (D:15)
  A wolf spider zombie (D:12)
  A lindwurm (Lair:4)
  5 orc knights
  A deep elf mage (D:15)
  9 ugly things
  A guardian serpent (Lair:6)
  An ice statue (Lair:6)
  2 cyclopes (D:13)
  4 manticores (D:14)
  Maurice (D:9)
  8 black mambas
  3 elephants (Lair:5)
  2 gargoyles
  14 spiny frogs
  3 rime drakes
  A freezing wraith (D:15)
  2 kobold demonologists
  6 komodo dragons
  A harpy zombie (D:14)
  7 trolls
  3 polar bears
  Prince Ribbit (D:8)
  2 hornets
  A hippogriff (shapeshifter) (D:15)
  12 hippogriffs
  Sigmund (D:2)
  2 shadows
  A redback (shapeshifter) (D:15)
  59 yaks
  5 water elementals (D:15)
  3 hogs (D:7)
  2 wraiths
  3 hungry ghosts
  A human (D:7)
  9 wyverns
  5 vampire mosquitoes (D:14)
  3 wargs
  A soldier ant (D:14)
  3 swamp worms (Lair:4)
  2 acid dragons
  17 water moccasins
  7 porcupines
  28 orc warriors
  5 sky beasts
  14 ice beasts
  An eye of draining (D:13)
  4 black bears
  4 necrophages
  3 phantoms
  7 ogres
  4 boggarts (D:15)
  10 centaurs
  7 wolves
  11 crocodiles
  5 big kobolds
  19 bullfrogs
  5 scorpions
  8 killer bees
  8 howler monkeys
  13 wights
  2 electric eels
  11 crimson imps
  A quasit (D:12)
  4 centaur zombies
  24 orc priests
  5 hounds
  4 jellies
  A bullfrog skeleton (D:12)
  4 centaur skeletons
  27 orc wizards
  Jessica (D:3)
  3 iguanas
  Ijyb (D:3)
  Terence (D:2)
  14 worker ants
  2 killer bee zombies (D:8)
  2 mummies (D:9)
  A worker ant zombie (D:11)
  11 gnolls
  9 adders
  3 shadow imps
  An ooze (D:2)
  2 adder zombies
  3 worms
  A dart slug (D:3)
  10 leopard geckos
  84 orcs
  A ball python (D:1)
  6 giant cockroaches
  7 goblins
  13 hobgoblins
  5 jackals
  5 quokkas
  A ball python zombie (D:5)
  6 bats
  4 frilled lizards
  A jackal zombie (D:6)
  20 kobolds
  A leopard gecko skeleton (D:4)
  A quokka skeleton (D:7)
  11 rats
  3 fungi (Lair:6)
  15 plants
737 creatures vanquished.

Vanquished Creatures (collateral kills)
  Snorg (Lair:6)
  A fire dragon (D:14)
  A hydra (D:14)
  2 centaur warriors
  A death knight (D:13)
  A queen ant (shapeshifter) (D:15)
  An orc high priest (Orc:2)
  Nergalle (Lair:2)
  2 wizards
  2 ugly things
  An orc sorcerer (Orc:1)
  3 orc knights
  An orb spider (Lair:3)
  A wolf spider (Lair:6)
  A deep elf mage (D:15)
  A cyclops (Orc:1)
  2 elephants (Lair:5)
  4 black mambas
  A centaur zombie (D:12)
  A spiny frog (shapeshifter) (D:15)
  4 centaur skeletons
  Joseph (D:7)
  4 spiny frogs
  A komodo dragon (Lair:3)
  An ice devil (Lair:6)
  A queen bee (shapeshifter) (D:15)
  A troll (Orc:1)
  A hornet (Lair:6)
  3 hippogriffs
  2 slime creatures (D:15)
  A hippogriff (shapeshifter) (D:15)
  A spriggan (Lair:2)
  A water elemental (D:15)
  A basilisk (D:14)
  2 wyverns (Lair:6)
  9 yaks
  4 wraiths (D:13)
  3 swamp worms (Lair:4)
  A warg (Orc:1)
  7 water moccasins (Lair:6)
  2 porcupines (Lair:3)
  18 orc warriors
  An eye of draining (D:12)
  A black bear (Lair:3)
  A hornet zombie (D:15)
  6 wolves
  2 ogres
  A necrophage (D:9)
  2 centaurs (D:15)
  7 crocodiles
  2 big kobolds
  A bullfrog (Lair:3)
  A scorpion (D:7)
  2 killer bees
  2 electric eels
  4 wights
  A crimson imp (D:13)
  11 orc priests
  A gnoll shaman (D:7)
  A shadow imp (D:12)
  33 orcs
  A hobgoblin (Orc:1)
  A kobold (D:11)
  5 fungi
  3 plants
188 creatures vanquished.

Vanquished Creatures (others)
  16 fungi
  17 plants
  3 withered plants (D:9)
36 creatures vanquished.

Grand Total: 961 creatures vanquished

Notes
Turn   | Place    | Note
-------+----------+-------------------------------------------
     0 | D:1      | Leszczynek the Tengu Wanderer began the quest for the Orb.
     0 | D:1      | Leszczynek set off with: a +2 scale mail, a +0 shortbow, 30 arrows, a bread ration, 27 bolts, a +0 hand crossbow
     0 | D:1      | Reached XP level 1. HP: 12/12 MP: 2/2
     0 | D:1      | 10/12/15 (2/4/6)
     0 | D:1      | and a scale mail
     0 | D:1      | with 10 str
     0 | D:1      | geez
   139 | D:1      | Reached XP level 2. HP: 17/17 MP: 3/3
   154 | D:1      | Reached skill level 3 in Bows
   557 | D:2      | Noticed Terence
   766 | D:2      | Reached XP level 3. HP: 21/21 MP: 4/4
   812 | D:2      | Reached skill level 4 in Bows
  1143 | D:2      | Reached XP level 4. HP: 26/26 MP: 5/5
  1197 | D:2      | Killed Terence
  1197 | D:2      | Reached skill level 5 in Bows
  1377 | D:2      | Noticed Sigmund
  1378 | D:2      | sure
  1421 | D:2      | Killed Sigmund
  1421 | D:2      | Reached skill level 4 in Maces & Flails
  1421 | D:2      | Gained mutation: You can fly. [Tengu growth]
  1421 | D:2      | Reached XP level 5. HP: 23/30 MP: 6/6
  1421 | D:2      | Reached XP level 6. HP: 27/35 MP: 7/7
  1738 | D:3      | Noticed Jessica
  1743 | D:3      | Killed Jessica
  1985 | D:3      | Found a hide-covered altar of Uskayaw.
  1992 | D:3      | Noticed Ijyb
  2016 | D:3      | Killed Ijyb
  2076 | D:3      | Found a snail-covered altar of Cheibriados.
  2081 | D:3      | lol chei
  2143 | D:3      | Found a shadowy altar of Dithmenos.
  2147 | D:3      | this one's boring
  2439 | D:3      | chei it is then
  2469 | D:3      | Became a worshipper of Cheibriados the Contemplative
  2679 | D:4      | Found a glowing silver altar of Zin.
  2721 | D:4      | Reached skill level 5 in Maces & Flails
  2952 | D:4      | Found Loneng's Book Shoppe.
  3014 | D:4      | Reached skill level 2 in Shields
  3038 | D:4      | Reached XP level 7. HP: 40/40 MP: 8/8
  3046 | D:5      | Entered Level 5 of the Dungeon
  3196 | D:4      | HP: 4/40 [orc priest/divine providence (16)]
  3306 | D:4      | Noticed Wendigo's ghost (amateur KoHu)
  3307 | D:4      | .....................................
  3313 | D:4      | how do you die with an elec weapon on d:4
  3325 | D:3      | Reached skill level 6 in Maces & Flails
  3472 | D:4      | Found a sparkling altar of Nemelex Xobeh.
  3548 | D:4      | Reached skill level 3 in Shields
  3690 | D:4      | i wish i could get to that book shop
  3747 | D:3      | Reached * piety under Cheibriados
  3766 | D:4      | Bought a book of Cantrips for 200 gold pieces
  3773 | D:3      | Learned a level 1 spell: Animate Skeleton
  3775 | D:3      | Learned a level 1 spell: Apportation
  4023 | D:5      | Reached skill level 1 in Axes
  4121 | D:5      | Reached skill level 1 in Necromancy
  4451 | D:6      | Reached skill level 2 in Axes
  4490 | D:6      | Found a staircase to the Ecumenical Temple.
  4586 | D:6      | Reached XP level 8. HP: 44/44 MP: 9/9
  4823 | D:6      | Reached skill level 3 in Axes
  5042 | D:7      | Reached skill level 4 in Shields
  5043 | D:7      | Noticed a yak
  5058 | D:6      | how am i supposed to kill a yak with this char
  5106 | D:6      | Reached skill level 4 in Axes
  5164 | D:7      | Reached ** piety under Cheibriados
  5172 | D:7      | Reached skill level 5 in Axes
  5483 | D:7      | Reached skill level 6 in Axes
  5521 | D:7      | Reached skill level 2 in Necromancy
  5574 | D:7      | Reached XP level 9. HP: 31/48 MP: 10/10
  5698 | D:7      | Found a burning altar of Makhleb.
  5861 | D:7      | Reached skill level 7 in Axes
  5861 | D:7      | Reached skill level 3 in Necromancy
  5959 | D:7      | Noticed Joseph
  5986 | D:7      | Killed Joseph
  5986 | D:7      | Reached skill level 8 in Axes
  5986 | D:7      | Reached skill level 4 in Necromancy
  6288 | D:7      | Reached skill level 1 in Dodging
  6361 | D:7      | Reached skill level 2 in Dodging
  6370 | D:7      | Reached skill level 9 in Axes
  6399 | D:7      | Reached skill level 3 in Dodging
  6701 | D:7      | Reached XP level 10. HP: 51/53 MP: 11/11
  6879 | D:7      | Reached *** piety under Cheibriados
  6879 | D:7      | Reached skill level 10 in Axes
  7015 | D:8      | Reached skill level 4 in Dodging
  7026 | D:8      | Reached skill level 1 in Invocations
  7054 | D:8      | Found a staircase to the Lair.
  7066 | D:8      | Reached skill level 2 in Invocations
  7315 | D:8      | Noticed Prince Ribbit
  7328 | D:8      | Killed Prince Ribbit
  7461 | D:8      | crap
  7468 | D:8      | bees
  7495 | D:8      | Reached skill level 3 in Invocations
  7952 | D:8      | Reached skill level 3 in Fighting
  8074 | D:8      | Reached **** piety under Cheibriados
  8161 | D:8      | Reached skill level 5 in Dodging
  8330 | D:8      | Found an iron altar of Okawaru.
  8411 | D:8      | Reached skill level 4 in Fighting
  8527 | D:9      | Found an opulent altar of Gozag.
  8599 | D:9      | Noticed Maurice
  8620 | D:9      | Killed Maurice
  8620 | D:9      | Reached skill level 5 in Fighting
  8667 | D:9      | Reached skill level 6 in Fighting
  8689 | D:9      | Found Topicho's Food Boutique.
  8762 | D:9      | Reached XP level 11. HP: 52/66 MP: 14/14
  8776 | D:9      | Noticed herpmino's ghost (novice GrGl)
  8783 | D:10     | Entered Level 10 of the Dungeon
  8784 | D:10     | and i'm stuck here now
  8784 | D:10     | woo
  8958 | D:10     | Noticed Grum
  8964 | D:10     | Noticed Grum
  8964 | D:10     | Grum changed into Grum the crocodile
  8967 | D:10     | Killed Grum the crocodile
  8974 | D:10     | Reached ***** piety under Cheibriados
  9025 | D:10     | Reached skill level 11 in Axes
  9303 | D:10     | Found a hazy altar of Hepliaklqana.
  9755 | D:10     | Reached skill level 6 in Dodging
  9805 | D:11     | this is likely a bad idea
  9931 | D:11     | Noticed Erolcha
  9931 | D:11     | yep
 10192 | D:11     | your adder skeleton is devoured by a tear in reality.
 10195 | D:11     | Reached skill level 12 in Axes
 10198 | D:11     | Reached skill level 7 in Dodging
 10278 | D:10     | oh
 10278 | D:10     | if only i knew
 10278 | D:10     | damn
 10278 | D:10     | scroll of silence
 10420 | D:4      | Bought a book of Callings for 300 gold pieces
 10428 | D:3      | Learned a level 4 spell: Summon Lightning Spire
 10679 | Lair:1   | Entered Level 1 of the Lair of Beasts
 10687 | Lair:1   | Reached skill level 1 in Air Magic
 10689 | Lair:1   | Reached skill level 1 in Summonings
 10689 | Lair:1   | Reached skill level 2 in Air Magic
 10690 | Lair:1   | Reached skill level 2 in Summonings
 10695 | Lair:1   | Reached skill level 3 in Air Magic
 10906 | Lair:1   | Reached skill level 3 in Summonings
 10990 | Lair:1   | Reached skill level 4 in Air Magic
 11019 | Lair:1   | Reached skill level 4 in Summonings
 11168 | Lair:1   | Reached ****** piety under Cheibriados
 11168 | Lair:1   | Reached skill level 5 in Air Magic
 11200 | Lair:1   | Reached XP level 12. HP: 69/69 MP: 15/15
 11429 | Lair:1   | Reached skill level 5 in Summonings
 11496 | Lair:1   | Noticed a five-headed hydra
 11505 | Lair:1   | Killed a five-headed hydra
 11505 | Lair:1   | Reached skill level 6 in Air Magic
 11562 | Lair:2   | Reached skill level 6 in Summonings
 11816 | Lair:2   | Noticed Nergalle
 11827 | Lair:2   | Killed Nergalle
 11827 | Lair:2   | Reached skill level 1 in Spellcasting
 11828 | Lair:2   | Reached skill level 2 in Spellcasting
 12433 | Lair:2   | Reached skill level 3 in Spellcasting
 12612 | Lair:3   | Reached skill level 4 in Spellcasting
 12826 | Lair:3   | Reached skill level 7 in Summonings
 12836 | Lair:3   | Learned a level 4 spell: Summon Ice Beast
 12849 | Lair:3   | Reached skill level 1 in Ice Magic
 12889 | Lair:3   | ohhh
 12889 | Lair:3   | snakebite
 12977 | Lair:3   | Reached skill level 2 in Ice Magic
 13069 | Lair:3   | Noticed Urug
 13075 | Lair:3   | Reached skill level 3 in Ice Magic
 13080 | Lair:3   | Killed Urug
 13194 | Lair:3   | Found a hole to the Spider Nest.
 13343 | Lair:3   | Reached skill level 4 in Ice Magic
 13630 | Lair:4   | Reached skill level 8 in Summonings
 13667 | Lair:4   | Noticed a seven-headed hydra
 13673 | Lair:4   | Killed a seven-headed hydra
 13673 | Lair:4   | Reached skill level 5 in Spellcasting
 14141 | Lair:4   | Found a staircase to the Swamp.
 14148 | Lair:4   | Reached XP level 13. HP: 28/76 MP: 10/21
 14655 | Lair:4   | Reached skill level 13 in Axes
 14655 | Lair:4   | Reached skill level 4 in Invocations
 15171 | Lair:5   | Learned a level 4 spell: Airstrike
 15420 | Lair:5   | Reached skill level 7 in Fighting
 15420 | Lair:5   | Reached skill level 5 in Invocations
 15782 | Lair:6   | Entered Level 6 of the Lair of Beasts
 15782 | Lair:6   | Found a runed door.
 15782 | Lair:6   | Found a viscous altar of Jiyva.
 15782 | Lair:6   | Found a staircase to the Slime Pits.
 15904 | Lair:6   | Reached skill level 7 in Air Magic
 16099 | Lair:6   | Reached skill level 8 in Air Magic
 16763 | Lair:6   | Identified the Reference Book on the Twisted Entourage
 16783 | Lair:6   | Got a brightly glowing ring mail
 16796 | Lair:6   | Identified the +1 ring mail of Sif Muna {Dex+3} (You found it on level 6 of the Lair of Beasts)
 16828 | Lair:6   | Noticed Snorg
 16840 | Lair:6   | Killed Snorg
 16927 | Lair:6   | Reached skill level 8 in Fighting
 16949 | Lair:6   | Learned a level 3 spell: Regeneration
 17098 | Lair:6   | Reached skill level 8 in Dodging
 17155 | Lair:6   | Reached skill level 9 in Fighting
 17257 | Lair:6   | Gained mutation: You can fly continuously. [Tengu growth]
 17257 | Lair:6   | Reached XP level 14. HP: 38/86 MP: 18/22
 17622 | Lair:6   | Reached skill level 10 in Fighting
 17831 | Lair:6   | Reached skill level 9 in Dodging
 18020 | D:9      | Killed herpmino's ghost
 18689 | D:11     | Found a glowing silver altar of Zin.
 18701 | D:11     | Reached skill level 10 in Dodging
 18969 | D:12     | Learned a level 2 spell: Song of Slaying
 18993 | D:12     | Reached skill level 1 in Charms
 19088 | D:12     | Found Zysiy's Magic Scroll Emporium.
 19096 | D:12     | Bought a scroll of fog for 30 gold pieces
 19096 | D:12     | Bought a scroll of fear for 52 gold pieces
 19096 | D:12     | Bought a scroll of fear for 52 gold pieces
 19104 | D:12     | Reached skill level 2 in Charms
 19280 | D:12     | Reached skill level 3 in Charms
 19390 | D:12     | Found a staircase to the Orcish Mines.
 19396 | D:12     | Reached skill level 1 in Translocations
 19400 | D:12     | Found a roughly hewn altar of Beogh.
 19633 | Orc:1    | Entered Level 1 of the Orcish Mines
 19634 | Orc:1    | hm
 20005 | Orc:1    | Found Qoush's Book Emporium.
 20153 | Orc:1    | Reached skill level 14 in Axes
 20346 | Orc:1    | Reached skill level 4 in Armour
 20684 | Orc:2    | Entered Level 2 of the Orcish Mines
 20761 | Orc:2    | this is an absolutely horrible vault for a chei worshipper
 20968 | Orc:2    | Found Etum's Jewellery Shoppe.
 21037 | Orc:2    | Found a staircase to the Elven Halls.
 21571 | Orc:2    | Reached skill level 5 in Armour
 21713 | Orc:2    | Found Zujoshu's Gadget Boutique.
 21713 | Orc:2    | Found Tistrasche's Weapon Boutique.
 21714 | Orc:2    | Found Avock's Magic Scroll Boutique.
 21714 | Orc:2    | Found Humnaesu's General Store.
 21725 | Orc:2    | Bought a +2 vampiric broad axe for 384 gold pieces
 21728 | Orc:2    | Bought 3 scrolls of blinking for 405 gold pieces
 21728 | Orc:2    | Bought a scroll of fog for 36 gold pieces
 21728 | Orc:2    | Bought a scroll of teleportation for 54 gold pieces
 21730 | Orc:2    | Bought a scroll of summoning for 142 gold pieces
 21782 | Orc:2    | Bought an uncursed ring of resist corrosion for 220 gold pieces
 21782 | Orc:2    | Bought a +4 ring of protection for 396 gold pieces
 21877 | D:13     | Found a roughly hewn altar of Beogh.
 21895 | D:13     | Reached XP level 15. HP: 92/92 MP: 15/23
 21895 | D:13     | Reached skill level 15 in Axes
 22132 | D:13     | Noticed Nessos
 22138 | D:13     | Killed Nessos
 22231 | D:13     | Noticed Josephine
 22243 | D:13     | Killed Josephine
 22243 | D:13     | Reached skill level 6 in Armour
 22358 | D:13     | Noticed Sonja
 22375 | D:13     | Killed Sonja
 22677 | D:14     | wait what
 22688 | D:13     | she must have found a shaft or something
 22688 | D:13     | she was at d:11
 22747 | D:14     | Killed Erolcha
 22872 | D:14     | Reached skill level 6 in Invocations
 22918 | D:14     | maybe later
 22918 | D:14     | i can handle the dragon
 22918 | D:14     | and hydras
 22918 | D:14     | but yaktaur captain and especially vamp knight sound like a problem
 23475 | D:14     | Found a gate to the Vaults.
 23511 | D:14     | Found a glowing golden altar of the Shining One.
 23586 | D:14     | Reached skill level 7 in Invocations
 23893 | D:15     | Entered Level 15 of the Dungeon
 23975 | D:15     | your ice beast is devoured by a tear in reality.
 24153 | D:15     | Reached skill level 11 in Fighting
 24153 | D:15     | Reached skill level 1 in Evocations
 24263 | D:15     | Reached skill level 2 in Evocations
 24601 | D:15     | Reached skill level 3 in Evocations
 24857 | D:15     | Reached skill level 4 in Evocations
 24862 | D:15     | Found a staircase to the Depths.
 24972 | D:14     | Reached skill level 5 in Evocations
 25084 | D:14     | Identified the +8 glaive "Teqono" {elec, rElec rPois Stlth+} (You took it off a centaur on level 14 of the Dungeon)
 25085 | D:14     | wow
 25085 | D:14     | couldn't i have found this on my vampire?
 25189 | D:14     | Noticed a fire giant
 25189 | D:14     | Noticed a fire giant
 25190 | D:14     | Noticed a storm dragon
 25204 | D:14     | Mangled by a vampire knight

Vault maps used:
D:1:      dpeg_arrival_connections
D:2:      first_bread, st_stairs_1, amethyst_killhole, uniq_sigmund,
          uniq_terence
D:3:      grunt_dithmenos_smoke_and_mirrors, lemuel_doored_altar,
          cheibriados_altar_1, uniq_iyjb, uniq_jessica
D:4:      old_standard_altar, nemelex_xobeh_ov_fountains_minmay, serial_shops,
          nicolae_shop_trees
D:6:      minmay_temple_entry_trees
D:7:      marbit_many_paths, grunt_livestock, fountainhead, st_stairs_9,
          hangedman_minor_gate_pass, uniq_joseph
D:8:      lemuel_crystal_altar, erik_lair_orcish_takeover, minivault_22,
          uniq_prince_ribbit1
D:9:      nicolae_gozag_seed_capital, serial_shops, shop, serial_undead,
          serial_undead_a, serial_undead_d, serial_undead_b, serial_undead_e,
          uniq_maurice
D:10:     basic_altar, uniq_grum
D:11:     basic_altar, uniq_erolcha
D:12:     minmay_orc_entry_temple_small, serial_shops, shop
D:13:     kennysheep_generic_room_16, uniq_josephine, uniq_nessos, uniq_sonja
D:14:     minmay_expanding_circles, erik_vaults_1, kennysheep_nub, basic_altar,
          serial_bayou_pond_a
D:15:     gammafunk_enter_depths_forms, minivault_4, nooodl_food_tri
Lair:2:   forest_entry_grove, uniq_nergalle
Lair:3:   minmay_guarded_unrand_snakebite, nicolae_spider_entry_orb_guardian,
          uniq_urug
Lair:4:   nicolae_swamp_entry_splash_gauntlet, serial_bayou_shore_a
Lair:5:   grunt_megastairs_1
Lair:6:   hangedman_lair_tendril_chambers, slime_altar_2, wad_woods_road_02,
          nicolae_lair_grove_arrangements, grunt_forest_small_clearings,
          ice2_lemuel, uniq_snorg
Orc:1:    cheibrodos_orc_bank, serial_shops, shop
Orc:2:    st_orc_pillars, serial_shops,
          nicolae_shop_competitors_out_of_business, lightli_orcish_oven

Skill      XL: |  1  2  3  4  5  6  7  8  9 10 11 12 13 14 15 |
---------------+----------------------------------------------+-----
Bows           | 3 4 5 |  5.2
Maces & Flails | 4 5 6 |  6.4
Shields        | 2 3 4 |  4.7
Axes           | 2 6 9 10 12 13 14 15 | 15.6
Necromancy     | 1 2 4 |  4.1
Dodging        | 3 5 7 8 10 | 10.5
Invocations    | 3 5 7 |  7.8
Fighting       | 6 9 10 11 | 11.0
Air Magic      | 5 6 8 |  8.1
Summonings     | 4 8 |  8.0
Spellcasting   | 5 |  5.1
Ice Magic      | 4 |  4.1
Charms         | 3 |  3.3
Translocations | 1 |  1.1
Armour         | 5 6 |  6.0
Evocations     | 5 |  5.5
Crossbows      | |  1.1
Throwing       | |  1.0

Action                   |  1- 3 |  4- 6 |  7- 9 | 10-12 | 13-15 || total
-------------------------+-------+-------+-------+-------+-------++-------
Melee: Mace              |       |    69 |    57 |       |       ||   126
       Kick              |       |    30 |    99 |   251 |   584 ||   964
       Peck              |       |    22 |    65 |   168 |   403 ||   658
       Whip              |       |    15 |       |       |     3 ||    18
       War axe           |       |       |   200 |   525 |  1054 ||  1779
       Flail             |       |       |       |    18 |     6 ||    24
       Morningstar       |       |       |       |       |    16 ||    16
 Fire: Hand crossbow     |    42 |    42 |    11 |       |       ||    95
       Shortbow          |    67 |    17 |       |       |       ||    84
Throw: Throwing net      |       |     1 |       |       |     1 ||     2
       Tomahawk          |       |       |       |     2 |       ||     2
 Cast: Animate Skeleton  |       |       |     9 |    94 |   148 ||   251
       Summon Ice Beast  |       |       |       |     7 |    56 ||    63
       Summon Lightning  |       |       |       |     7 |    79 ||    86
       Airstrike         |       |       |       |       |    13 ||    13
       Regeneration      |       |       |       |       |    47 ||    47
Invok: Bend Time         |       |       |     1 |     5 |     2 ||     8
       Slouch            |       |       |       |       |     3 ||     3
 Abil: Fly               |       |       |       |       |     3 ||     3
       Stop Flying       |       |       |       |       |     1 ||     1
Evoke: Wand              |       |       |     9 |     7 |     7 ||    23
  Use: Potion            |     1 |     1 |     3 |     1 |     4 ||    10
       Scroll            |       |       |    12 |    16 |    17 ||    45
 Stab: Confused          |       |       |     2 |     3 |     1 ||     6
       Distracted        |       |       |       |     6 |    39 ||    45
       Paralysed         |       |       |       |       |     3 ||     3
  Eat: Chunk             |       |     6 |     5 |    20 |    27 ||    58
       Fruit             |       |       |     1 |     3 |     9 ||    13
       Royal jelly       |       |       |     1 |       |     2 ||     3
Armor: Scale mail        |    38 |    39 |   132 |   126 |   186 ||   521
       Skin              |       |    17 |       |       |     3 ||    20
Dodge: Dodged            |    25 |    30 |   104 |   320 |   699 ||  1178
Block: Buckler           |       |     9 |    58 |   133 |   305 ||   505
